 Dungeon Crawl Stone Soup version 0.12.2-7-g64ef654 (webtiles) character file.

327 BlackAndWhite the Ruffian (level 5, -8/41 HPs)
             Began as a Draconian Transmuter on June 18, 2013.
             Mangled by an iguana (13 damage)
             ... on Level 4 of the Dungeon.
             The game lasted 00:09:40 (4221 turns).

BlackAndWhite the Ruffian (Draconian Transmuter)    Turns: 4221, Time: 00:09:40

HP  -8/41        AC  6     Str 14      XL: 5   Next: 89%
MP   9/9         EV 12     Int 13      God:
Gold 75          SH  0     Dex 11      Spells:  2 memorised,  6 levels left

Res.Fire  : . . .   See Invis. : .     - Unarmed
Res.Cold  : . . .   Warding    : .   (armour unavailable)
Life Prot.: . . .   Conserve   : .   (no shield)
Res.Poison: .       Res.Corr.  : .   (helmet restricted)
Res.Elec. : .       Clarity    : .   r - +0 cloak
Sust.Abil.: . .     Spirit.Shd : .   (no gloves)
Res.Mut.  : .       Stasis     : .   (boots unavailable)
Res.Rott. : .       Ctrl.Telep.: .   (no amulet)
Saprovore : . . .   Flight     : .   (no ring)
                                     (no ring)

@: appendage (expiring), slightly resistant to hostile enchantments, unstealthy
A: unfitting armour, talons 3, AC +5
a: End Transformation


You were on level 4 of the Dungeon.
You were hungry.
You had grown temporary talons.
You visited 1 branch of the dungeon, and saw 4 of its levels.

You collected 55 gold pieces.

Inventory:

Hand weapons
 q - a +3,+3 quarterstaff of chaos
Missiles
 b - 12 arrows
Armour
 r - a +0 cloak (worn)
Scrolls
 c - a scroll of enchant armour {unknown}
 g - a scroll of magic mapping {unknown}
 i - 2 scrolls of remove curse {unknown}
 l - a scroll of curse jewellery {unknown}
 n - a scroll of identify {unknown}
 t - a scroll of teleportation {unknown}
Jewellery
 f - a cursed ring of hunger {unknown}
 m - an uncursed ring of sustenance {unknown}
 p - a +5 ring of protection {unknown}
Potions
 e - a potion of flight {unknown}
 h - a potion of slowing {unknown}
 k - 2 potions of curing {unknown}
 o - 2 potions of heal wounds {unknown}
Books
 d - a book of Changes

   Spells                             Type                      Level
   *Beastly Appendage                 Transmutation                1
   Sticks to Snakes                   Transmutation                2
   *Spider Form                       Transmutation/Poison         3
   Ice Form                           Ice/Transmutation            4
   Blade Hands                        Transmutation                5


   Skills:
 + Level 2.9 Fighting
 + Level 2.6 Dodging
 + Level 4.2 Unarmed Combat
 + Level 3.2 Spellcasting
 + Level 3.1 Transmutations


You had 6 spell levels left.
You knew the following spells:

 Your Spells              Type           Power        Failure   Level  Hunger
a - Beastly Appendage     Trmt           ###....      10%         1    #......
b - Spider Form           Trmt/Pois      ##........   38%         3    ###....


Dungeon Overview and Level Annotations

Branches:
Dungeon (4/27)
 Temple: D:4-7

Altars:
Zin
the Shining One

Shops:
D:3: *


Innate Abilities, Weirdness & Mutations

Your plain brown scales are hard (AC +5).*
Your body does not fit into most forms of armour.
Your cold-blooded metabolism reacts poorly to cold.
You have claws for feet.*


Message History

You hit the iguana but do no damage. You punch the iguana.
The iguana is heavily wounded.
The iguana bites you but does no damage.
You barely miss the iguana. Your kick misses the iguana.
The iguana is heavily wounded.
The iguana bites you!
* * * LOW HITPOINT WARNING * * *
You are too injured to fight recklessly!
You are too injured to fight recklessly!
You are too injured to fight recklessly!
You are too injured to fight recklessly!
You are too injured to fight recklessly!
You are too injured to fight recklessly!
You are too injured to fight recklessly!
You are too injured to fight recklessly!
You are too injured to fight recklessly!
Your transformation is almost over.
The phantom blinks!
The iguana bites you!
You die...

.... #.# ####..## #.#
...... #.# #..#########
#.# #!.........# #.#
#....>.....# #.#
####........%.# #.#
..........l....# #.#
####......@...########.#
#........<..........#
#####################


You could see an iguana.

Vanquished Creatures
  Crazy Yiuf (D:1)
  2 orc wizards (D:3)
  A hound (D:3)
  4 adders
  A giant mite (D:4)
  4 giant geckos
  10 orcs
  9 bats
  5 giant cockroaches
  12 hobgoblins
  13 jackals
  6 kobolds
  A quokka (D:2)
  4 giant newts
  5 goblins
  6 rats
84 creatures vanquished.

Vanquished Creatures (others)
  A goblin (D:3)
  A kobold (D:1)
  3 butterflies (D:1)
5 creatures vanquished.

Grand Total: 89 creatures vanquished

Notes
Turn   | Place    | Note
--------------------------------------------------------------
     0 | D:1      | BlackAndWhite, the Draconian Transmuter, began the quest for the Orb.
     0 | D:1      | Reached XP level 1. HP: 16/16 MP: 1/1
    81 | D:1      | Reached XP level 2. HP: 20/23 MP: 0/3
   223 | D:1      | Found a glowing golden altar of the Shining One.
   801 | D:1      | Reached XP level 3. HP: 6/28 MP: 4/4
   992 | D:1      | Learned a level 3 spell: Spider Form
  1527 | D:2      | Noticed Crazy Yiuf
  1941 | D:1      | Killed Crazy Yiuf
  1941 | D:1      | Reached XP level 4. HP: 27/36 MP: 1/6
  2916 | D:3      | Reached XP level 5. HP: 34/41 MP: 8/8
  3281 | D:3      | Found Zin's Purification Station.
  3283 | D:3      | Found a glowing silver altar of Zin.
  3512 | D:3      | Reached skill level 4 in Unarmed Combat
  4209 | D:4      | Noticed a phantom
  4221 | D:4      | Mangled by an iguana

Action                   |  1- 3 |  4- 6 || total
-------------------------+-------+-------++-------
Melee: Unarmed           |   184 |   208 ||   392
 Cast: Beastly Appendage |    13 |    16 ||    29
       Spider Form       |     2 |     5 ||     7
 Abil: End Transformatio |       |     2 ||     2
 Stab: Sleeping          |       |     1 ||     1
